 Dungeon Crawl Stone Soup version 0.30-a0-585-g93115170b9 (webtiles) character file.

Game seed: 12720216906299328414

1176 wormed the Ducker (level 8, -1/67 HPs)
             Began as a Gnoll Monk on Jan 2, 2023.
             Was a Believer of Cheibriados.
             Slain by a yak (10 damage)
             ... on level 6 of the Dungeon.
             The game lasted 00:08:37 (6720 turns).

wormed the Ducker (Gnoll Monk)                      Turns: 6720, Time: 00:08:37

Health: -1/67      AC: 10    Str: 15    XL:     8   Next: 41%
Magic:  9/13       EV: 20    Int: 13    God:    Cheibriados [**....]
Gold:   399        SH:  0    Dex: 33    Spells: 10/13 levels left

rFire   . . .      SeeInvis .    a - +0 falchion
rCold   . . .      Faith    .    (no shield)
rNeg    . . .      Spirit   .    v - +0 leather armour
rPois   .          Reflect  .    q - +0 helmet
rElec   .          Harm     .    d - scarf {repulsion}
rCorr   .          Rampage  .    (no gloves)
Will    .....                    B - +1 pair of boots
Stlth   ++++                     (no amulet)
HPRegen 0.31/turn                D - +6 ring of dexterity
MPRegen 0.13/turn                t - +6 ring of dexterity

@: mighty, ice-armoured, repel missiles, very slow
A: fangs 1, strong nose, distributed training
a: Renounce Religion, Bend Time


You were on level 6 of the Dungeon.
You worshipped Cheibriados.
Cheibriados was pleased with you.
You visited 2 branches of the dungeon, and saw 8 of its levels.

You collected 399 gold pieces.

Inventory:

Hand Weapons
 a - a +0 falchion (weapon)
Armour
 d - a scarf of repulsion (worn)
 q - a +0 helmet (worn)
 v - a +0 leather armour (worn)
 B - a +1 pair of boots (worn)
Jewellery
 p - a ring of protection from fire
 t - a +6 ring of dexterity (right hand)
 x - a ring of wizardry
 y - a ring of see invisible
 D - a +6 ring of dexterity (left hand)
Wands
 u - a wand of flame (9) (quivered)
 E - a wand of acid (8)
Scrolls
 h - a scroll of noise
 j - 2 scrolls of blinking
 l - a scroll of vulnerability
 C - a scroll of teleportation
Potions
 c - a potion of might
 e - a potion of mutation
 f - a potion of cancellation
 i - 3 potions of lignification
 k - a potion of resistance {unknown}
 m - 2 potions of haste {unknown}
 r - 4 potions of heal wounds {unknown}
 w - a potion of flight {unknown}
 z - 2 potions of brilliance {unknown}
 A - 2 potions of curing


   Skills:
 + Level 7.4 Fighting
 + Level 3.3 Short Blades
 + Level 7.4 Long Blades
 + Level 3.3 Axes
 + Level 3.3 Maces & Flails
 + Level 3.3 Polearms
 + Level 3.3 Staves
 + Level 3.3 Ranged Weapons
 + Level 3.3 Throwing
 + Level 3.3 Armour
 + Level 7.4 Dodging
 + Level 5.4 Stealth
 + Level 3.3 Shields
 + Level 3.3 Unarmed Combat
 + Level 3.3 Spellcasting
 + Level 2.7 Conjurations
 + Level 2.7 Hexes
 + Level 2.7 Summonings
 + Level 2.7 Necromancy
 + Level 2.7 Translocations
 + Level 2.7 Transmutations
 + Level 2.7 Fire Magic
 + Level 2.7 Ice Magic
 + Level 2.7 Air Magic
 + Level 2.7 Earth Magic
 + Level 2.7 Poison Magic
 + Level 3.7 Invocations
 + Level 3.3 Evocations


You had 10 spell levels left.
You knew the following spells:

 Your Spells              Type           Power      Damage    Failure   Level
a - Ozocubu's Armour      Ice            9%         N/A       26%         3

Your spell library contained the following spells:

 Spells                   Type           Power      Damage    Failure   Level
 Freezing Cloud           Conj/Ice/Air   4%         6-21      94%         5
 Metabolic Englaciation   Hex/Ice        4%         N/A       94%         5
 Simulacrum               Ice/Necr       4%         N/A       100%        6
 Polar Vortex             Ice            4%         N/A       100%        9


Dungeon Overview and Level Annotations

Branches:
Dungeon (7/15)             Temple (1/1) D:4

Altars:
Ashenzari
Cheibriados
Dithmenos
Fedhas
Gozag
Hepliaklqana
Kikubaaqudgha
Makhleb
Nemelex Xobeh
Okawaru
Ru
Sif Muna
Trog
Uskayaw
Vehumet
Wu Jian
Xom
Yredelemnul
The Shining One

Shops:
D:2 :   D:5 :

Annotations:
D:7 Joseph


Innate Abilities, Weirdness & Mutations

You have very sharp teeth.
Your uncanny sense of smell can sniff out nearby items.
Your experience applies equally to all skills.


Message History

The yak barely misses you. The yak closely misses you.
You hit the yak but do no damage. You bite the yak, but do no damage.
The yak is heavily wounded.
The yak misses you. The yak gores you but does no damage.
You slash the yak!
The yak is severely wounded.
The yak closely misses you. x2
An orc comes into view. It is wielding a +0 mace.
The orc shouts!
You hit the yak but do no damage. You bite the yak, but do no damage.
The yak is severely wounded.
The yak barely misses you. The yak gores you.
You hit the yak.
The yak is almost dead.
The yak closely misses you. The yak barely misses you.
You hit the yak.
The yak is almost dead.
The yak misses you. The yak gores you!
You hit the yak but do no damage. You bite the yak.
The yak is almost dead.
An orc wizard comes into view. It is wielding a +0 dagger.
The yak misses you. The yak closely misses you.
You hit the yak.
The yak is almost dead.
The yak gores you. The yak gores you!
* * * LOW HITPOINT WARNING * * *
Your icy armour will break if you move.
Continue?
The yak gores you.
* * * LOW HITPOINT WARNING * * *
The yak barely misses you.
You climb upwards.
Your icy armour cracks and falls away as you move.
There is a stone staircase leading down here.
Casting: Ozocubu's Armour (dangerous; 26% risk of failure)
Confirm with . or Enter, or press ? or * to list all spells.
A film of ice covers your body! The yak misses you. The yak gores you!
* * * LOW HITPOINT WARNING * * *
You feel very mighty all of a sudden. The yak gores you!
You die...

##.....## ###.# #.### #.......##
##.#.# #.#.##
.........####....#########....###
.........'.......................
.........####....#######........#
#.......## ##.#.# #........#.#
##.....## #####.## #.#.#.##.#.#
###...## #....Y.# #.#.#.##.#.# #
##'## #.###@.# #.#.#....#.# # #.#
#.# #Y.# #.#.###..#.# # #.# #.#
#..# #.#.# #..#.# # ##.##
#.###..# #.#.###..#.# ###...##
#......# #..........# ##.....###
#####.## #######.####
.........#######.# #....#
####.###.........# ####.# ###
########### #..


You could see 2 yaks.

Vanquished Creatures
  Sigmund (D:4)
  A yak (D:7)
  A water moccasin (D:6)
  A centaur (D:6)
  A phantom (D:4)
  Blork the orc (D:4)
  A scorpion (D:6)
  A necrophage (D:5)
  A hound (D:5)
  An orc priest (D:5)
  Jessica (D:3)
  2 iguanas
  3 orc wizards
  Robin (D:3)
  6 adders
  2 shadow imps (D:5)
  3 ufetubi
  A dart slug (D:6)
  4 orcs
  6 bats
  13 endoplasms
  3 giant cockroaches
  16 goblins
  7 hobgoblins
  10 jackals
  5 kobolds
  6 quokkas
  7 ball pythons
  2 frilled lizards
  23 rats
131 creatures vanquished.

Notes
Turn   | Place    | Note
-------+----------+-------------------------------------------
     0 | D:1      | wormed the Gnoll Monk began the quest for the Orb.
     0 | D:1      | Reached XP level 1. HP: 23/23 MP: 1/1
    22 | D:1      | Found a faded altar of an unknown god.
   149 | D:1      | Reached XP level 2. HP: 29/29 MP: 2/2
   521 | D:1      | Reached XP level 3. HP: 35/35 MP: 3/3
   874 | D:2      | Reached skill level 1 in Invocations
  1094 | D:2      | Found Kixteadgh's Book Emporium.
  1333 | D:2      | Reached skill level 1 in Short Blades
  1333 | D:2      | Reached skill level 1 in Axes
  1333 | D:2      | Reached skill level 1 in Maces & Flails
  1333 | D:2      | Reached skill level 1 in Polearms
  1333 | D:2      | Reached skill level 1 in Staves
  1333 | D:2      | Reached skill level 1 in Ranged Weapons
  1333 | D:2      | Reached skill level 1 in Throwing
  1333 | D:2      | Reached skill level 1 in Armour
  1333 | D:2      | Reached skill level 1 in Shields
  1333 | D:2      | Reached skill level 1 in Unarmed Combat
  1333 | D:2      | Reached skill level 1 in Spellcasting
  1333 | D:2      | Reached skill level 1 in Evocations
  1428 | D:2      | Reached XP level 4. HP: 36/41 MP: 5/5
  1692 | D:3      | Noticed Robin
  1739 | D:3      | Killed Robin
  1740 | D:3      | Reached skill level 1 in Conjurations
  1740 | D:3      | Reached skill level 1 in Hexes
  1740 | D:3      | Reached skill level 1 in Summonings
  1740 | D:3      | Reached skill level 1 in Necromancy
  1740 | D:3      | Reached skill level 1 in Translocations
  1740 | D:3      | Reached skill level 1 in Transmutations
  1740 | D:3      | Reached skill level 1 in Fire Magic
  1740 | D:3      | Reached skill level 1 in Ice Magic
  1740 | D:3      | Reached skill level 1 in Air Magic
  1740 | D:3      | Reached skill level 1 in Earth Magic
  1740 | D:3      | Reached skill level 1 in Poison Magic
  2004 | D:3      | Noticed Jessica
  2012 | D:3      | Killed Jessica
  2013 | D:3      | Reached XP level 5. HP: 35/47 MP: 5/7
  3079 | D:4      | Found a staircase to the Ecumenical Temple.
  3111 | D:4      | Noticed Blork the orc
  3123 | D:4      | Killed Blork the orc
  3124 | D:4      | Reached XP level 6. HP: 53/53 MP: 8/8
  3143 | D:4      | Found an iron altar of Okawaru.
  3510 | D:4      | Found a hazy altar of Hepliaklqana.
  3510 | D:4      | Found a broken altar of Ashenzari.
  3510 | D:4      | Found an opulent altar of Gozag.
  3584 | D:4      | Noticed Sigmund
  3612 | D:4      | Killed Sigmund
  3613 | D:4      | Reached XP level 7. HP: 45/60 MP: 10/10
  3642 | Temple   | Entered the Ecumenical Temple
  4113 | D:5      | Entered Level 5 of the Dungeon
  4414 | D:5      | Reached skill level 5 in Stealth
  4625 | D:5      | Found Kirgh's Tremendous Tomes.
  5157 | D:6      | Found a sacrificial altar of Ru.
  5188 | D:6      | Found a shimmering altar of Xom.
  5190 | D:6      | Found a basalt altar of Yredelemnul.
  5408 | D:6      | Reached XP level 8. HP: 47/67 MP: 12/12
  6065 | D:6      | Found a snail-covered altar of Cheibriados.
  6076 | D:6      | Became a worshipper of Cheibriados the Contemplative
  6076 | D:6      | Reached * piety under Cheibriados
  6076 | D:6      | Reached ** piety under Cheibriados
  6330 | D:5      | Learned a level 3 spell: Ozocubu's Armour
  6525 | D:7      | Noticed Joseph
  6684 | D:7      | Noticed a yak
  6685 | D:7      | Noticed a yak
  6690 | D:7      | Noticed a yak
  6706 | D:7      | Killed a yak
  6720 | D:6      | Slain by a yak

Illustrated notes

Levels and vault maps discovered:
D:1:      eino_arrival_cavern_a, layout_loops_ring,
          ebering_ecumenical_altar_mist, minmay_misc_feat_cross,
          minmay_tetromino_i4
D:2:      layout_loops_corners, serial_shops, nicolae_square_shop,
          minmay_rat_hole
D:3:      layout_basic, uniq_robin, uniq_jessica
D:4:      layout_basic, gammafunk_temple_overflow_forgotten, okawaru_gym_becter,
          minmay_temple_entry_waves, uniq_blork_the_orc, uniq_sigmund
D:5:      layout_basic, nicolae_shop_i_like_big_books
D:6:      layout_loops_corners, mainiacjoe_overflow_alcove_1,
          jmf_multi_god_temple, kennysheep_slug_shrine
D:7:      layout_cave_pools, serial_shops, nicolae_lakefront_shop, uniq_joseph
Temple:   bh_familiar_temple

Skill      XL: |  1  2  3  4  5  6  7 |
---------------+----------------------+-----
Invocations    | 1 2 3 |  3.7
Short Blades   | 1 2 3 |  3.3
Axes           | 1 2 3 |  3.3
Maces & Flails | 1 2 3 |  3.3
Polearms       | 1 2 3 |  3.3
Staves         | 1 2 3 |  3.3
Ranged Weapons | 1 2 3 |  3.3
Throwing       | 1 2 3 |  3.3
Armour         | 1 2 3 |  3.3
Shields        | 1 2 3 |  3.3
Unarmed Combat | 1 2 3 |  3.3
Spellcasting   | 1 2 3 |  3.3
Evocations     | 1 2 3 |  3.3
Conjurations   | 1 2 |  2.7
Hexes          | 1 2 |  2.7
Summonings     | 1 2 |  2.7
Necromancy     | 1 2 |  2.7
Translocations | 1 2 |  2.7
Transmutations | 1 2 |  2.7
Fire Magic     | 1 2 |  2.7
Ice Magic      | 1 2 |  2.7
Air Magic      | 1 2 |  2.7
Earth Magic    | 1 2 |  2.7
Poison Magic   | 1 2 |  2.7
Fighting       | 7 |  7.4
Long Blades    | 7 |  7.4
Dodging        | 7 |  7.4
Stealth        | 5 |  5.4

Action                   |  1- 3 |  4- 6 |  7- 9 || total
-------------------------+-------+-------+-------++-------
Melee: Falchion          |   128 |   155 |   148 ||   431
       Bite              |    11 |    19 |    20 ||    50
       Punch             |     1 |     3 |     6 ||    10
 Cast: Ozocubu's Armour  |       |       |     2 ||     2
Evoke: Wand              |       |       |     5 ||     5
  Use: Potion            |       |     4 |     1 ||     5
       Scroll            |       |       |    12 ||    12
 Stab: Sleeping          |    11 |    10 |     8 ||    29
       Distracted        |       |       |     1 ||     1
Armor: Robe              |    27 |    25 |       ||    52
       Leather armour    |       |       |    39 ||    39
Dodge: Dodged            |   102 |   144 |   187 ||   433
       Repelled          |       |     3 |     4 ||     7

Table legend: (Time is in decaauts)
 A = Elapsed time spent in this place.
 B = Non-inter-level travel time spent in this place.
 C = Inter-level travel time spent in this place.
 D = Time resting spent in this place.
 E = Time spent auto-exploring this place.
 F = Levels seen in this place.
 G = Mean time per level.
                   A        B        C        D        E       F      G
               +--------+--------+--------+--------+--------+-----+--------+
         Total |   6905 |   6390 |    515 |    386 |   4951 |   8 |  863.1 |
       Dungeon |   6715 |   6212 |    503 |    386 |   4775 |   7 |  959.3 |
        Temple |    190 |    178 |     12 |      0 |    176 |   1 |  190.0 |
               +--------+--------+--------+--------+--------+-----+--------+

Top non-repeatable levels by time:
     D:6: 1551 daAuts
     D:3: 1413 daAuts
     D:5: 1158 daAuts
     D:4: 921 daAuts
     D:2: 920 daAuts
     D:1: 662 daAuts
  Temple: 190 daAuts
     D:7: 86 daAuts
